 Dungeon Crawl Stone Soup version 0.23-a0-261-g133332c (webtiles) character file.

260 w00t the Cudgeler (level 6, 0/39 HPs)
             Began as a Gargoyle Monk on Sept 29, 2018.
             Slain by an orc
             ... wielding a cursed -1 flail
              (7 damage)
             ... on level 4 of the Dungeon.
             The game lasted 00:08:12 (3683 turns).

w00t the Cudgeler (Gargoyle Monk)                   Turns: 3683, Time: 00:08:13

Health: 0/39       AC: 10    Str: 22    XL:     6   Next: 17%
Magic:  6/6        EV: 12    Int: 15    God:
Gold:   147        SH:  0    Dex: 12    Spells: 5/5 levels left

rFire    + . .     SeeInvis .   a - +0 flail
rCold    + . .     Gourm    .   (no shield)
rNeg     + . .     Faith    .   e - +0 ring mail
rPois    ∞         Spirit   .   (no helmet)
rElec    +         Reflect  .   n - +0 cloak
rCorr    +         Harm     .   (no gloves)
MR       .....                  (no boots)
Stlth    ++........             (no amulet)
HPRegen  0.13/turn              p - ring of flight {+Fly, !d}
MPRegen  0.10/turn              i - ring of stealth {Stlth+}

@: mighty, brilliant, resistant, flying
A: negative energy resistance 1, electricity resistance, unbreathing,
petrification resistance, rot immunity, AC +4
a: no special abilities


You were on level 4 of the Dungeon.
You were hungry.

You visited 1 branch of the dungeon, and saw 4 of its levels.

You collected 147 gold pieces.

Inventory:

Hand Weapons
 a - a +0 flail (weapon)
 b - a +0 war axe
 c - a +0 morningstar
Missiles
 g - 169 stones (quivered)
 h - 42 sling bullets
Armour
 e - a +0 ring mail (worn)
 n - a +0 cloak (worn)
 s - a +0 shield
Jewellery
 i - a ring of stealth (right hand) {Stlth+}
 p - a ring of flight (left hand) {+Fly, !d}
Scrolls
 d - 2 scrolls of immolation {!r}
 k - 3 scrolls of identify {@r1}
 l - a scroll of magic mapping {unknown}
 q - a scroll of random uselessness {unknown}
Potions
 f - 2 potions of resistance
 u - a potion of lignification {unknown}
Comestibles
 r - 5 rations


   Skills:
 + Level 4.6 Fighting
 * Level 5.2 Maces & Flails
 + Level 1.1 Armour
 - Level 3.2 Dodging
 - Level 2.1 Stealth


You had 5 spell levels left.
You didn't know any spells.
Your spell library was empty.

Dungeon Overview and Level Annotations

Branches:
Dungeon (4/15)
 Temple: D:4-7

Altars:
Ru


Innate Abilities, Weirdness & Mutations

You are resistant to torment.
Your stone body is resilient. (AC +4)
You are immune to poison.
You resist negative energy. (rN+)
You are resistant to electric shocks. (rElec)
You can survive without breathing.
You are immune to petrification.
You are immune to rotting.


Message History

The orc hits you but does no damage.
You closely miss the orc.
The orc is moderately wounded.
The orc hits you with an enchanted flail.
* * * LOW HITPOINT WARNING * * *
You barely miss the orc.
The orc is lightly wounded.
The orc hits you but does no damage.
It was a potion of resistance.
You feel protected. The orc closely misses you.
It was a potion of brilliance.
You feel clever all of a sudden.
The orc priest calls upon Beogh to heal the orc.
The orc's wounds heal themselves!
The orc closely misses you.
It was a potion of flight.
You feel very buoyant.
You fly up into the air.
The orc hits you with an enchanted flail!
You die...

#.##.# #.#
#.#......
#.#..###.#
#........
#........#
#####.###
###.######
#.# #.# #.#
#.# ##'##
#.# #...#
#.# #
#≈§≈#### #@#
.## ##≈≈
#o#...####.#
#o.......+.
#)#...####
#.##.## #..
## ##. .. .#


You could see an orc priest and an orc.

Vanquished Creatures
  An orc priest (D:4)
  An orc wizard (D:3)
  A centaur skeleton (D:4)
  A hound skeleton (D:4)
  6 adders
  An ooze (D:3)
  2 worms (D:2)
  2 dart slugs (D:1)
  A leopard gecko (D:2)
  13 orcs
  3 giant cockroaches
  4 goblins
  8 hobgoblins
  12 jackals
  2 kobolds
  10 bats
  5 frilled lizards
  6 rats
79 creatures vanquished.

Notes
Turn   | Place    | Note
-------+----------+-------------------------------------------
     0 | D:1      | w00t the Gargoyle Monk began the quest for the Orb.
     0 | D:1      | Reached XP level 1. HP: 14/14 MP: 1/1
   259 | D:1      | Reached XP level 2. HP: 19/19 MP: 2/2
   641 | D:1      | Reached XP level 3. HP: 18/23 MP: 3/3
  1211 | D:2      | Found a sacrificial altar of Ru.
  1254 | D:2      | Reached skill level 4 in Maces & Flails
  1254 | D:2      | Reached XP level 4. HP: 29/29 MP: 4/4
  2566 | D:3      | Reached XP level 5. HP: 33/33 MP: 5/5
  3447 | D:4      | Reached skill level 5 in Maces & Flails
  3487 | D:4      | Reached XP level 6. HP: 38/39 MP: 6/6
  3677 | D:4      | Reached skill level 1 in Armour
  3683 | D:4      | Slain by an orc

Vault maps used:
D:1:      saegor_arrival_simple_d, minivault_5
D:2:      nicolae_ru_awakened_eye
D:4:      first_ration, kennysheep_opposing_triangles

Skill      XL: |  1  2  3  4  5  6 |
---------------+-------------------+-----
Maces & Flails | 4 5 |  5.2
Fighting       | 4 |  4.6
Dodging        | 3 |  3.2
Armour         | 1 |  1.1
Stealth        | |  2.1

Action                   |  1- 3 |  4- 6 || total
-------------------------+-------+-------++-------
Melee: Short sword       |   201 |   162 ||   363
       Mace              |    11 |       ||    11
       Flail             |       |   112 ||   112
       War axe           |       |     4 ||     4
Throw: Stone             |     1 |    23 ||    24
  Use: Scroll            |     3 |     2 ||     5
       Potion            |       |     4 ||     4
 Stab: Sleeping          |     1 |     4 ||     5
  Eat: Chunk             |     1 |     8 ||     9
Armor: Ring mail         |   153 |   114 ||   267
       Robe              |     2 |       ||     2
Dodge: Dodged            |   195 |   157 ||   352

Table legend:
 A = Non-vault XP
 B = Vault XP
 C = Vault XP percentage of total XP
 D = Non-vault monster count
 E = Vault monster count
 F = Vault count percentage of total count
                 A         B        C        D         E       F
            +---------+---------+-------+---------+---------+-------
      Total |     372 |       0 |   0.0 |      79 |       0 |   0.0
            +---------+---------+-------+---------+---------+-------
        D:1 |      46 |       0 |   0.0 |      24 |       0 |   0.0
        D:2 |      65 |       0 |   0.0 |      20 |       0 |   0.0
        D:3 |     150 |       0 |   0.0 |      30 |       0 |   0.0
        D:4 |     111 |       0 |   0.0 |       5 |       0 |   0.0
            +---------+---------+-------+---------+---------+-------
